 Dungeon Crawl Stone Soup version 0.30-a0-509-gd016549fea (webtiles) character file.

Game seed: 8129109889515759925

153985 oldriver the Unseen (level 17, -1/176 HPs)
             Began as a Naga Artificer on Dec 23, 2022.
             Was an Elder of Wu Jian.
             Shot with an arrow by a naga sharpshooter (16 damage)
             ... on level 4 of the Snake Pit.
             The game lasted 01:42:33 (41147 turns).

oldriver the Unseen (Naga Artificer)               Turns: 41147, Time: 01:42:34

Health: -1/176     AC: 29    Str: 18    XL:     17   Next: 61%
Magic:  17/17      EV: 22    Int: 15    God:    Wu Jian [****..]
Gold:   531        SH: 11    Dex: 21    Spells: 16/16 levels left

rFire   + . .      SeeInvis +    O - +6 demon trident (flame)
rCold   + + .      Faith    .    j - +0 kite shield {rN+}
rNeg    + . .      Spirit   .    J - +4 ring mail
rPois   +          Reflect  .    i - +1 helmet {Int+3}
rElec   +          Harm     .    D - scarf {shadows}
rCorr   +          Rampage  .    k - +1 pair of gloves
Will    ++...      NoTele   +    W - +4 barding {rC+}
Stlth   +++.......               C - amulet of the acrobat
HPRegen 0.49/turn                h - ring "Urezatz" {EV+4 Dex+5}
MPRegen 0.15/turn                E - +4 ring of slaying

@: exhausted, resistant, weakened, untranslocatable, in a heavenly storm,
hasted, glowing, constricted, studying 2 skills, quick
A: AC +5, large, see invisible, deformed body, poison resistance, slowness 2,
spit poison 1, naga tail 2
a: Spit Poison, Renounce Religion, Wall Jump, Serpent's Lash


You were on level 4 of the Snake Pit.
You worshipped Wu Jian.
Wu Jian was greatly pleased with you.
You visited 5 branches of the dungeon, and saw 27 of its levels.
You visited 1 bazaar.

You collected 2217 gold pieces.
You spent 1686 gold pieces at shops.

Inventory:

Hand Weapons
 O - a +6 demon trident of flaming (weapon)
Missiles
 v - 2 throwing nets
 z - 21 poisoned darts
 A - 4 atropa-tipped darts
 S - 4 javelins
 T - 7 curare-tipped darts
Armour
 i - a +1 helmet of intelligence (worn)
 j - a +0 kite shield of positive energy (worn)
 k - a +1 pair of gloves (worn)
 D - a scarf of shadows (worn)
 J - a +4 ring mail (worn)
 W - a +4 barding of cold resistance (worn)
Jewellery
 h - the ring "Urezatz" (left hand) {EV+4 Dex+5}
   (You bought it in a shop on level 2 of the Orcish Mines)

   [ring of evasion]

   EV:        It affects your evasion (+4).
   Dex:       It affects your dexterity (+5).
 w - a ring of positive energy
 C - an amulet of the acrobat (around neck)
 E - a +4 ring of slaying (right hand)
 M - a ring of willpower
Wands
 c - a wand of flame (26)
 d - a wand of charming (23)
 e - a wand of polymorph (5)
 o - a wand of light (5)
 P - a wand of digging (19)
 X - a wand of iceblast (12)
Scrolls
 g - 5 scrolls of fog
 m - a scroll of magic mapping
 q - 18 scrolls of teleportation
 r - a scroll of summoning
 y - a scroll of silence
 F - 2 scrolls of amnesia
 I - 4 scrolls of poison
 K - 7 scrolls of identify
 L - 3 scrolls of brand weapon
 N - 2 scrolls of blinking
Potions
 b - 2 potions of invisibility
 f - 10 potions of curing
 l - 9 potions of flight
 n - a potion of haste
 p - 4 potions of might
 s - 8 potions of brilliance
 x - 5 potions of mutation
 B - 3 potions of ambrosia
 G - 2 potions of lignification
 H - 2 potions of resistance
 Q - 3 potions of berserk rage
Miscellaneous
 t - a lightning rod (4/4)
 R - a phial of floods
 Y - a box of beasts


   Skills:
 + Level 17.3 Fighting
 - Level 1.2 Short Blades
 * Level 12.5 Polearms
 - Level 10.3 Throwing
 + Level 11.4 Armour
 - Level 7.0 Dodging
 + Level 20.8 Stealth
 + Level 5.7 Shields
 - Level 10.3 Evocations


You had 16 spell levels left.
You didn't know any spells.
Your spell library contained the following spells:

 Spells                   Type           Power      Damage    Failure   Level
 Foxfire                  Conj/Fire      0%         2x1d4     67%         1
 Scorch                   Fire           0%         2d5       80%         2
 Wereblood                Tmut           0%         N/A       80%         2
 Call Canine Familiar     Summ           0%         N/A       95%         3
 Dazzling Flash           Conj/Hex       0%         N/A       95%         3
 Gell's Gravitas          Tloc           0%         N/A       95%         3
 Ignite Poison            Fire/Tmut/Pois 0%         N/A       95%         3
 Kindle Blastsparks       Fire/Tloc/Air  0%         2d10      95%         3
 Lesser Beckoning         Tloc           0%         N/A       95%         3
 Portal Projectile        Hex/Tloc       0%         N/A       95%         3
 Teleport Other           Tloc           0%         N/A       95%         3
 Tukima's Dance           Hex            0%         N/A       95%         3
 Iskenderun's Mystic Bla  Conj/Tloc      0%         2d3       100%        4
 Leda's Liquefaction      Hex/Erth       0%         N/A       100%        4
 Manifold Assault         Tloc           0%         N/A       100%        4
 Passage of Golubria      Tloc           0%         N/A       100%        4
 Petrify                  Tmut/Erth      0%         N/A       100%        4
 Sticky Flame             Conj/Fire      0%         2d3       100%        4
 Summon Ice Beast         Ice/Summ       0%         N/A       100%        4
 Blade Hands              Tmut           0%         N/A       100%        5
 Fireball                 Conj/Fire      0%         3d3       100%        5
 Freezing Cloud           Conj/Ice/Air   0%         6-21      100%        5
 Irradiate                Conj/Tmut      0%         3d11      100%        5
 Summon Forest            Summ/Tloc      0%         N/A       100%        5
 Summon Mana Viper        Hex/Summ       0%         N/A       100%        5
 Yara's Violent Unravell  Hex/Tmut       0%         3d3       100%        5
 Dispersal                Tloc           0%         N/A       100%        6
 Starburst                Conj/Fire      0%         6d3       100%        6
 Summon Cactus Giant      Summ           0%         N/A       100%        6
 Dragon Form              Tmut           0%         N/A       100%        7
 Storm Form               Tmut/Air       0%         N/A       100%        7
 Disjunction              Tloc           0%         N/A       100%        8


Dungeon Overview and Level Annotations

Branches:
Dungeon (14/15)            Temple (0/1) D:6            Lair (5/5) D:11
  Swamp (2/4) Lair:3        Snake (4/4) Lair:2        Slime (0/5) Lair:5
    Orc (2/2) D:10            Elf (0/3) Orc:2        Vaults (0/5) D:13

Altars:
Ashenzari
Dithmenos
Elyvilon
Qazlal
Ru
Sif Muna
Vehumet
Wu Jian
Xom
Yredelemnul
Jiyva

Shops:
D:3 :   Orc:1 =   Orc:2 (=*[*   Snake:4 =:=

Annotations:
D:13 exclusion: oklob plant
Lair:5 exclusion: 2 oklob plants
Swamp:1 Roxanne
Snake:1 1 runed translucent door, Guoplah's ghost, adept HOFi
Snake:2 1 runed translucent door, billz999's ghost, adept AtWr


Innate Abilities, Weirdness & Mutations

Your serpentine skin is tough. (AC +5)
You have supernaturally acute eyesight. (SInv)
Armour fits poorly on your strangely shaped body.
Your system is resistant to poisons. (rPois)
You cover ground very slowly.
You can spit poison.
You can use your snake-like lower body to constrict enemies.


Message History

The bolt of poison hits the naga warrior.
The naga warrior is poisoned.
The bolt of poison hits you. You resist.
* * * LOW HITPOINT WARNING * * *
The bolt of poison hits the naga sharpshooter.
The naga sharpshooter unwields a +0 dire flail.
The naga sharpshooter wields a +0 shortbow.
The naga sharpshooter gestures wildly while chanting.
The naga sharpshooter magically shoots an arrow.
The arrow hits you!
* * * LOW HITPOINT WARNING * * *
The naga ritualist spits poison at you. The splash of poison misses you.
The splash of poison hits the naga warrior.
The nagaraja gestures at you while chanting.
The bolt of poison hits the naga warrior!
The bolt of poison misses you. The naga warrior completely misses you.
The naga warrior grabs you. The naga warrior constricts you.
The naga sharpshooter unwields a +0 mace.
The naga sharpshooter wields a +0 longbow.
The naga sharpshooter mumbles some strange words.
The naga sharpshooter shoots an arrow.
The arrow misses you.
The arrow completely misses the guardian serpent.
The arrow completely misses the naga sharpshooter.
Unknown command.
Okay, then.
You feel better.
You constrict the naga warrior, but do no damage.
* * * LOW HITPOINT WARNING * * *
The naga sharpshooter shoots an arrow.
You block the arrow.
The naga ritualist completely misses you.
The guardian serpent completely misses you.
The nagaraja completely misses you.
You feel better.
You constrict the naga warrior, but do no damage.
You block the naga warrior's attack. The naga warrior constricts you.
You block the naga warrior's attack.
The naga sharpshooter casts a spell.
The naga sharpshooter magically shoots an arrow.
The arrow hits you!
You die... ...
NN$

##.## ...# #### ###'### ####
#..#######.....#######..#
#####....##§§§N.......##.....
##.......#§§NNS§.........#.... #
#.......#.☼§N@☼§[.........#...
####.......#.☼NNN§☼..........#...
.##.......#..☼§☼§N§...........#..
.#[.......#...................#..
.)).............)..<)<.)......#..
.#........#......))[[[[.......#..
.###.......#........[........#...
.# #........##.............##....
.# #..........##.........##......


You could see a nagaraja (strong, catching breath), 2 naga warriors, 3 naga
sharpshooters, a naga ritualist (strong, toxic aura, catching breath), a
guardian serpent and a naga mage.

Vanquished Creatures
  Vashnia (Snake:4)
  Gastronok (Lair:1)
  Frances (Snake:1)
  7 nagarajas
  A fenstrider witch (Swamp:2)
  Aizul (Snake:4)
  Louise (Swamp:2)
  An orc warlord (Orc:1)
  Nessos (Lair:3)
  A bunyip (Swamp:1)
  A fire dragon (D:13)
  Josephine (Orc:1)
  2 salamander tyrants (Snake:4)
  A rakshasa (D:13)
  A great orb of eyes (D:14)
  8 hydras
  Erolcha (D:9)
  2 centaur warriors
  An ogre mage (D:13)
  7 anacondas
  2 death knights
  4 two-headed ogres
  2 catoblepae
  Erica (D:10)
  An alligator (Swamp:1)
  3 tengu warriors
  6 boulder beetles
  7 death yaks
  13 naga warriors
  9 naga sharpshooters
  An orc high priest (Orc:2)
  7 shock serpents
  Nergalle (Lair:1)
  Amaemon (Lair:3)
  3 skeletal warriors
  3 salamander mystics
  A goliath frog (Swamp:1)
  A swamp dragon (Swamp:1)
  4 naga ritualists
  4 bog bodies (Swamp:1)
  3 deep elf pyromancers
  6 orc knights
  A phantasmal warrior (D:14)
  6 mana vipers
  A cyclops (shapeshifter) (D:13)
  2 manticores
  14 salamanders
  7 ugly things
  4 orc sorcerers (Orc:2)
  A will-o-the-wisp (Swamp:1)
  6 cyclopes
  Joseph (D:9)
  10 guardian serpents
  12 elephants
  25 black mambas
  10 naga magi
  A black mamba (shapeshifter) (D:14)
  An orange demon (Lair:3)
  3 unseen horrors
  2 torpor snails (Lair:3)
  Maggie (Lair:1)
  3 rime drakes
  16 cane toads
  2 freezing wraiths (D:13)
  7 komodo dragons
  2 efreet
  A tengu conjurer (D:12)
  5 trolls
  2 trolls (shapeshifter)
  Grinder (D:5)
  4 polar bears
  4 hornets
  Prince Ribbit (D:7)
  7 blink frogs
  5 tyrant leeches
  11 slime creatures
  A dream sheep (Lair:3)
  A culicivora (shapeshifter) (D:14)
  5 wyverns
  A spriggan (Swamp:1)
  A centaur simulacrum (D:13)
  8 wraiths
  2 shadows
  A basilisk (Lair:4)
  28 yaks
  A steam dragon (D:6)
  5 vampire mosquitoes
  Edmund (D:6)
  Menkaure (D:7)
  2 wargs (Orc:1)
  39 nagas
  An acid dragon (D:10)
  Duvessa (D:5)
  9 swamp worms
  13 water moccasins
  An ice beast (D:6)
  3 swamp drakes (Swamp:1)
  21 orc warriors
  2 sky beasts
  A black bear (Lair:5)
  23 wolves
  3 ogres
  2 centaurs
  3 phantoms
  4 bullfrogs
  2 kobold brigands
  A necrophage (D:6)
  2 gnoll sergeants
  6 scorpions
  8 wights
  Dowan (D:5)
  An oklob sapling (D:13)
  5 killer bees (D:7)
  3 howler monkeys
  4 electric eels (Lair:3)
  3 hounds
  2 jellies
  14 orc priests
  20 orc wizards
  2 iguanas
  12 hell rats
  10 gnolls
  11 adders
  2 white imps
  An ufetubus (D:6)
  3 dart slugs
  79 orcs
  14 ball pythons
  6 bats
  9 endoplasms
  3 giant cockroaches
  11 goblins
  7 hobgoblins
  4 jackals (D:13)
  2 quokkas (D:3)
  A frilled lizard (D:1)
  20 kobolds
  4 rats
760 creatures vanquished.

Vanquished Creatures (collateral kills)
  Bai Suzhen (Snake:3)
  An orc knight (Orc:2)
  An orc wizard (Orc:2)
  An adder (D:5)
  2 orcs (Orc:2)
6 creatures vanquished.

Vanquished Creatures (others)
  An orc priest (Orc:2)
  A gnoll (D:11)
  3 foxfires (Swamp:1)
  15 fungi
  43 plants
63 creatures vanquished.

Grand Total: 829 creatures vanquished

Notes
Turn   | Place    | Note
-------+----------+-------------------------------------------
     0 | D:1      | oldriver the Naga Artificer began the quest for the Orb.
     0 | D:1      | Reached XP level 1. HP: 18/18 MP: 1/1
   119 | D:1      | Reached skill level 2 in Stealth
   299 | D:1      | Reached XP level 2. HP: 21/25 MP: 2/2
   304 | D:1      | Reached skill level 3 in Stealth
   515 | D:1      | Reached XP level 3. HP: 16/31 MP: 3/3
   610 | D:1      | Reached skill level 1 in Short Blades
  1212 | D:2      | Identified the +6 spear of Ofuczul {vorpal, rC+ Dex+2}
  1396 | D:2      | Reached skill level 1 in Polearms
  1396 | D:2      | Reached skill level 4 in Stealth
  1396 | D:2      | Reached XP level 4. HP: 27/39 MP: 4/4
  2034 | D:3      | Found Tifirud's Book Shoppe.
  2224 | D:3      | Reached XP level 5. HP: 27/46 MP: 5/5
  2357 | D:3      | Identified the +4 war axe of Kepny {venom, rPois rCorr
                  | Str-2 SInv}
  2706 | D:3      | Found a basalt altar of Yredelemnul.
  2711 | D:3      | Found an ornate altar of the Wu Jian Council.
  2712 | D:3      | Found a broken altar of Ashenzari.
  2713 | D:3      | Found a radiant altar of Vehumet.
  2713 | D:3      | Found a shimmering blue altar of Sif Muna.
  2715 | D:3      | Found a stormy altar of Qazlal.
  2718 | D:3      | Became a worshipper of the Wu Jian Council
  2723 | D:3      | Found a sacrificial altar of Ru.
  2818 | D:4      | Noticed a phantom
  2893 | D:4      | Reached skill level 5 in Stealth
  2991 | D:4      | Killed a phantom
  2992 | D:4      | Reached XP level 6. HP: 55/56 MP: 6/6
  3351 | D:4      | Noticed a water moccasin
  3357 | D:4      | Killed a water moccasin
  3358 | D:4      | Reached skill level 6 in Stealth
  3358 | D:4      | Reached XP level 7. HP: 37/62 MP: 7/7
  3594 | D:4      | Reached * piety under Wu Jian
  3747 | D:5      | Entered Level 5 of the Dungeon
  3753 | D:5      | Noticed Grinder
  3774 | D:5      | Killed Grinder
  3775 | D:5      | Reached skill level 5 in Polearms
  3775 | D:5      | Reached skill level 7 in Stealth
  3896 | D:5      | Reached skill level 1 in Dodging
  3952 | D:5      | Got the Papyrus of the Arsonist
  3956 | D:5      | Noticed Dowan
  4084 | D:5      | Noticed a yak
  4205 | D:5      | Noticed a yak
  4228 | D:5      | Noticed a yak
  4239 | D:5      | Reached XP level 8. HP: 64/72 MP: 8/8
  4254 | D:5      | Killed a yak
  4498 | D:5      | Noticed Duvessa
  4519 | D:5      | Killed Duvessa
  4534 | D:5      | Killed Dowan
  4839 | D:6      | Reached skill level 8 in Stealth
  5124 | D:6      | Noticed Edmund
  5131 | D:6      | Reached skill level 5 in Fighting
  5142 | D:6      | Killed Edmund
  5313 | D:6      | Reached XP level 9. HP: 77/81 MP: 9/9
  5468 | D:6      | Found a staircase to the Ecumenical Temple.
  5508 | D:6      | Reached skill level 9 in Stealth
  5785 | D:6      | You fall into a shaft and drop 2 floors!
  5926 | D:7      | Noticed Menkaure
  6247 | D:7      | Killed Menkaure
  6248 | D:7      | Reached skill level 1 in Throwing
  6519 | D:7      | Noticed Prince Ribbit
  6532 | D:7      | Killed Prince Ribbit
  7832 | D:8      | Reached XP level 10. HP: 92/92 MP: 10/10
  8003 | D:8      | Reached ** piety under Wu Jian
  8004 | D:8      | Reached skill level 5 in Throwing
  8246 | D:8      | Reached skill level 10 in Polearms
  8783 | D:9      | Noticed a two-headed ogre
  8889 | D:9      | Reached *** piety under Wu Jian
  8947 | D:9      | Noticed Erolcha
  8956 | D:9      | Killed Erolcha
  8973 | D:9      | Noticed Joseph
  8980 | D:9      | Killed Joseph
  9234 | D:9      | Killed a two-headed ogre
  9235 | D:9      | Reached XP level 11. HP: 43/103 MP: 11/11
  9487 | D:9      | Noticed a two-headed ogre
  9493 | D:9      | Killed a two-headed ogre
  9721 | D:9      | Identified the +0 flail of Tice {freeze, rC+ rCorr Str+3
                  | Dex+4}
  9769 | D:10     | Entered Level 10 of the Dungeon
  9944 | D:10     | Noticed Erica
  9970 | D:10     | Killed Erica
  9971 | D:10     | Reached skill level 5 in Evocations
 10168 | D:10     | Noticed an orc knight
 10750 | D:10     | Killed an orc knight
 10871 | D:10     | Noticed an orc knight
 11020 | D:10     | Killed an orc knight
 11103 | D:10     | Found a staircase to the Orcish Mines.
 11330 | D:11     | Noticed a cyclops
 11606 | D:11     | Killed a cyclops
 11720 | D:11     | Noticed a cyclops
 11932 | D:11     | Noticed a boulder beetle
 11946 | D:11     | Found a staircase to the Lair.
 11952 | D:11     | Killed a boulder beetle
 11953 | D:11     | Reached skill level 5 in Dodging
 11984 | D:11     | Reached **** piety under Wu Jian
 11997 | D:11     | Reached XP level 12. HP: 75/115 MP: 12/12
 12258 | D:11     | Noticed a boulder beetle
 12273 | D:11     | Killed a boulder beetle
 12274 | D:11     | Reached skill level 10 in Fighting
 12274 | D:11     | Reached skill level 5 in Armour
 12526 | D:11     | Noticed a boulder beetle
 12630 | D:11     | Killed a boulder beetle
 12831 | Lair:1   | Entered Level 1 of the Lair of Beasts
 12831 | Lair:1   | Noticed Maggie
 12906 | Lair:1   | Killed Maggie
 13281 | Lair:1   | Noticed Nergalle
 13292 | Lair:1   | Killed Nergalle
 13903 | Lair:1   | Noticed Gastronok
 13922 | Lair:1   | Killed Gastronok
 14160 | Lair:1   | Reached skill level 10 in Stealth
 15019 | Lair:2   | Found a staircase to the Snake Pit.
 15515 | Lair:3   | Gained mutation: You can use your snake-like lower body to
                  | constrict enemies. [Naga growth]
 15515 | Lair:3   | Reached XP level 13. HP: 109/129 MP: 13/13
 15577 | Lair:3   | Found a staircase to the Swamp.
 15980 | Lair:3   | Reached skill level 11 in Stealth
 16164 | Lair:3   | Noticed Nessos
 16179 | Lair:3   | Killed Nessos
 16231 | Lair:3   | Identified the +1 robe of Prudence {rElec Will- SInv
                  | Stlth+}
 16989 | Lair:3   | Noticed Amaemon
 17006 | Lair:3   | Killed Amaemon
 18278 | Lair:5   | Entered Level 5 of the Lair of Beasts
 18376 | Lair:5   | Reached ***** piety under Wu Jian
 18687 | Lair:5   | Reached XP level 14. HP: 135/144 MP: 14/14
 18945 | Lair:5   | Found a staircase to the Slime Pits.
 19208 | Lair:5   | Found a viscous altar of Jiyva.
 19609 | Lair:5   | Noticed a dire elephant
 20160 | D:12     | Identified a scroll of acquirement
 20161 | D:12     | Acquired a manual of Stealth
 20710 | D:12     | Found a flickering gateway to a bazaar.
 20737 | Bazaar   | Entered a bazaar
 20742 | Bazaar   | Found Decog's Jewellery Shop.
 20755 | Bazaar   | Found Wialo's Book Shop.
 21244 | D:12     | Reached skill level 12 in Stealth
 21870 | Orc:1    | Entered Level 1 of the Orcish Mines
 21882 | Orc:1    | Noticed Josephine
 21894 | Orc:1    | Killed Josephine
 21895 | Orc:1    | Reached skill level 13 in Stealth
 22210 | Orc:2    | Entered Level 2 of the Orcish Mines
 22572 | D:12     | Reached skill level 14 in Stealth
 22742 | D:13     | Reached skill level 1 in Shields
 22870 | D:13     | Reached skill level 15 in Fighting
 22911 | D:13     | Got Arixylad's Secrets of Frore Transmigration
 22949 | D:13     | Identified the +7 sling "Lemirghu" {drain, rF- rCorr Int+3}
 23393 | D:13     | Reached XP level 15. HP: 133/154 MP: 15/15
 23544 | D:13     | Reached skill level 15 in Stealth
 24194 | D:13     | Found a gate to the Vaults.
 24919 | Orc:2    | Noticed an orc warlord
 24976 | Orc:1    | Killed an orc warlord
 25246 | Orc:2    | Found Icoisy's CLEARANCE SALE!.
 25698 | Orc:2    | Found Uwkusaf's Antique Weapon Shoppe.
 25719 | Orc:2    | Found Itoumor's Jewellery Shoppe.
 25840 | Orc:2    | Found a staircase to the Elven Halls.
 25912 | Orc:2    | Found Tedom's General Store.
 25927 | Orc:2    | Found Vyd Vira's Antique Armour Shoppe.
 26033 | Orc:2    | Bought the ring "Urezatz" {EV+4 Dex+5} for 749 gold pieces
 26086 | Orc:2    | Bought a shiny helmet for 247 gold pieces
 26086 | Orc:2    | Bought an ancient chain mail for 313 gold pieces
 26086 | Orc:2    | Identified the +6 chain mail of Starshine {Will+} (You
                  | bought it in a shop on level 2 of the Orcish Mines)
 26207 | Orc:1    | Found Dumifib's Jewellery Shoppe.
 26736 | D:13     | Reached skill level 10 in Throwing
 26736 | D:13     | Reached skill level 16 in Stealth
 28117 | D:14     | Found a white marble altar of Elyvilon.
 28620 | D:14     | Found a shadowy altar of Dithmenos.
 29297 | Snake:1  | Entered Level 1 of the Snake Pit
 29348 | Snake:1  | Found a radiant altar of Vehumet.
 29512 | Orc:2    | Bought a lightning rod (4/4) for 120 gold pieces
 29545 | Orc:2    | Bought a potion of might for 52 gold pieces
 29545 | Orc:2    | Bought a potion of curing for 39 gold pieces
 29545 | Orc:2    | Bought a scroll of fog for 52 gold pieces
 29545 | Orc:2    | Bought a potion of might for 52 gold pieces
 29545 | Orc:2    | Bought 4 atropa-tipped darts for 31 gold pieces
 29545 | Orc:2    | Bought 6 poisoned darts for 31 gold pieces
 29957 | Snake:1  | Reached skill level 17 in Stealth
 30051 | Snake:1  | Found a runed translucent door.
 30051 | Snake:1  | Found a shimmering altar of Xom.
 30051 | Snake:1  | Noticed Guoplah's ghost (adept HOFi)
 30263 | Snake:1  | Noticed Frances
 30297 | Snake:1  | Killed Frances
 31102 | Snake:2  | Identified the +1 robe of the Fiddle {Str+9}
 31225 | Snake:2  | Found a runed translucent door.
 31225 | Snake:2  | Noticed billz999's ghost (adept AtWr)
 31415 | Snake:2  | Reached XP level 16. HP: 123/164 MP: 11/16
 31417 | Snake:2  | Reached skill level 5 in Shields
 31561 | Snake:2  | Reached skill level 10 in Armour
 33091 | Snake:3  | Reached skill level 18 in Stealth
 33315 | Snake:3  | Noticed Bai Suzhen
 33361 | Snake:3  | Killed Bai Suzhen
 34552 | Snake:3  | Noticed a nagaraja
 34757 | Snake:3  | Killed a nagaraja
 34836 | Snake:4  | Entered Level 4 of the Snake Pit
 34836 | Snake:4  | Noticed a nagaraja
 34836 | Snake:4  | Noticed a nagaraja
 34924 | Snake:4  | Noticed a nagaraja
 34944 | Snake:4  | Killed a nagaraja
 35221 | Snake:4  | Noticed Aizul
 35235 | Snake:4  | Killed Aizul
 35236 | Snake:4  | Reached skill level 19 in Stealth
 35318 | Snake:4  | Found Xonoig's Jewellery Shop.
 35320 | Snake:4  | Found Nigul's Book Shoppe.
 35321 | Snake:4  | Found Rusuezir's Jewellery Shop.
 36006 | Snake:4  | Killed a nagaraja
 36789 | Snake:4  | Noticed Vashnia
 37049 | Swamp:1  | Entered Level 1 of the Swamp
 37120 | Swamp:1  | Reached XP level 17. HP: 175/175 MP: 17/17
 37458 | Swamp:1  | Noticed Roxanne
 37791 | Swamp:1  | Reached skill level 10 in Evocations
 37903 | Swamp:2  | Noticed Louise
 38452 | Swamp:2  | Killed Louise
 38770 | Swamp:2  | Reached skill level 20 in Stealth
 40437 | Snake:4  | Killed Vashnia
 41145 | Snake:4  | HP: 2/176 [naga sharpshooter/arrow (12)]
 41147 | Snake:4  | Shot with an arrow by a naga sharpshooter

Illustrated notes

Levels and vault maps discovered:
D:1:      dpeg_arrival_circle_labyrinth_b, layout_basic
D:2:      layout_basic
D:3:      layout_loops_ring, minitemple, serial_shops,
          nicolae_shop_advertising_works [nicolae_subvault_shop_adworks]
D:4:      layout_cave_pools, serial_bayou_pond_b, minmay_manual_monstrance
D:5:      layout_basic, nicolae_figureground_sparkle, uniq_grinder, uniq_duvessa
D:6:      layout_loops_cross, temple_fountains, chequers_serial_rivers_micro_d,
          feat_on_display, uniq_edmund
D:7:      layout_layer_cave, solitary_fountain, kennysheep_generic_room_10,
          uniq_menkaure, uniq_prince_ribbit1
D:8:      layout_cave_pools, special_room [special_room_orc]
D:9:      layout_roguey, uniq_erolcha, uniq_joseph
D:10:     layout_stronghold, david_orc_5, dk_noncrumbling_2, uniq_erica
D:11:     layout_irregular_city, minmay_lair_entry_grove
D:12:     layout_grid_maze, serial_shops, bzr_in_the_mist
D:13:     minmay_ambush_box, layout_loops_ring, david_vaults_4,
          introduction_to_nature_2
D:14:     layout_loops_corners, elyvilon_altar_4, grunt_dithmenos_shadows
Lair:1:   layout_cave_pods, grunt_megastairs_3, uniq_nergalle, uniq_gastronok,
          uniq_maggie
Lair:2:   layout_regular_city, minmay_snake_entry_guardpost_small
Lair:3:   layout_cave_pods, minmay_swamp_entry_eels, nzn_random_ring,
          serial_bayou_shore_a, uniq_nessos, uniq_amaemon
Lair:4:   layout_loops_ring, minmay_hedge_maze, grunt_megastairs_2
Lair:5:   grunt_lair_end_beastmaster, layout_gridlike,
          minmay_slime_entry_oklob_open
Swamp:1:  layout_basic_swamp, nicolae_swamp_little_tower,
          infiniplex_staircase_pool_2, uniq_roxanne
Swamp:2:  layout_basic_swamp, nicolae_swamp_godswood, infiniplex_staircase_pool,
          uniq_louise
Snake:1:  layout_gridlike, ebering_ghost_xom, basic_altar, uniq_frances
Snake:2:  layout_cave_pods, gammafunk_ghost_grave
Snake:3:  layout_grid_shapes, grunt_megastairs_5, uniq_bai_suzhen
Snake:4:  snake_hunt, layout_layer_cave, grunt_megastairs_1, minmay_shop_grove,
          uniq_vashnia, uniq_aizul
Orc:1:    layout_diamond_mine, serial_shops, nicolae_shop_crystal,
          uniq_josephine
Orc:2:    grunt_orc_cross, layout_caves, nicolae_shop_clearance

Skill      XL: |  1  2  3  4  5  6  7  8  9 10 11 12 13 14 15 16 17 |
---------------+----------------------------------------------------+-----
Stealth        | 2 3 4 5 6 7 8 9 10 11 14 17 19 20 | 20.8
Short Blades   | 1 |  1.2
Fighting       | 2 3 4 5 6 8 9 12 14 15 16 17 | 17.3
Polearms       | 1 2 3 4 5 7 9 10 12 | 12.5
Dodging        | 1 2 3 5 7 |  7.0
Throwing       | 4 5 6 9 10 | 10.3
Armour         | 2 4 5 7 9 11 | 11.4
Evocations     | 4 5 7 9 10 | 10.3
Shields        | 2 4 5 |  5.7

Action                   |  1- 3 |  4- 6 |  7- 9 | 10-12 | 13-15 | 16-18 || total
-------------------------+-------+-------+-------+-------+-------+-------++-------
Melee: Club              |    29 |       |       |       |       |       ||    29
       Dagger            |    44 |       |       |       |       |       ||    44
       Spear             |     9 |    83 |   201 |   667 |  1639 |   733 ||  3332
       Punch             |       |       |     5 |    12 |    19 |       ||    36
       Constrict         |       |       |       |       |   231 |   145 ||   376
       Demon trident     |       |       |       |       |       |   184 ||   184
Throw: Dart              |       |       |    13 |    38 |    36 |    39 ||   126
       Boomerang         |       |       |     2 |       |       |       ||     2
       Javelin           |       |       |       |     3 |     9 |     2 ||    14
Invok: Whirlwind         |       |       |     4 |    22 |    55 |    39 ||   120
       Lunge             |       |       |     8 |    31 |    40 |    37 ||   116
       Serpent's Lash    |       |       |       |     2 |     2 |     8 ||    12
       Heavenly Storm    |       |       |       |       |     2 |     2 ||     4
 Abil: Spit Poison       |    16 |    21 |    15 |    61 |    74 |    27 ||   214
Evoke: Wand              |       |       |    13 |    22 |    32 |     2 ||    69
       Phial of floods   |       |       |       |     1 |     2 |     1 ||     4
       Lightning rod     |       |       |       |       |     4 |     4 ||     8
       Box of beasts     |       |       |       |       |     1 |     2 ||     3
  Use: Scroll            |       |       |    12 |    11 |     8 |    10 ||    41
       Potion            |       |       |       |       |       |    17 ||    17
 Stab: Sleeping          |     1 |    13 |     8 |     6 |    10 |    15 ||    53
       Distracted        |       |       |     1 |     2 |     2 |     2 ||     7
       Invisible         |       |       |       |    16 |       |    11 ||    27
Armor: Leather armour    |    19 |    15 |    35 |    17 |       |       ||    86
       Ring mail         |       |       |       |   105 |   471 |   210 ||   786
       Storm dragon scal |       |       |       |       |       |     6 ||     6
Dodge: Dodged            |    43 |    22 |    77 |   212 |   490 |   337 ||  1181
Block: Buckler           |       |       |       |       |   118 |   110 ||   228
       Kite shield       |       |       |       |       |       |    85 ||    85

Table legend: (Time is in decaauts)
 A = Elapsed time spent in this place.
 B = Non-inter-level travel time spent in this place.
 C = Inter-level travel time spent in this place.
 D = Time resting spent in this place.
 E = Time spent auto-exploring this place.
 F = Levels seen in this place.
 G = Mean time per level.
                   A        B        C        D        E       F      G
               +--------+--------+--------+--------+--------+-----+--------+
         Total |  48725 |  44872 |   3853 |  10614 |  24249 |  28 | 1740.2 |
       Dungeon |  23934 |  21672 |   2262 |   4117 |  12839 |  14 | 1709.6 |
          Lair |   8540 |   7978 |    562 |   1226 |   5369 |   5 | 1708.0 |
         Swamp |   2060 |   1954 |    106 |    464 |   1043 |   2 | 1030.0 |
     Snake Pit |  10868 |  10311 |    557 |   3937 |   3692 |   4 | 2717.0 |
  Orcish Mines |   3222 |   2858 |    364 |    868 |   1247 |   2 | 1611.0 |
        Bazaar |     98 |     98 |      0 |      0 |     57 |   1 |   98.0 |
               +--------+--------+--------+--------+--------+-----+--------+

Top non-repeatable levels by time:
 Snake:4: 3643 daAuts
 Snake:3: 3459 daAuts
    D:13: 2919 daAuts
  Lair:3: 2425 daAuts
    D:12: 2343 daAuts
    D:10: 2322 daAuts
    D:14: 2182 daAuts
     D:7: 1997 daAuts
 Snake:2: 1969 daAuts
    D:11: 1934 daAuts
   Orc:2: 1927 daAuts
  Lair:5: 1902 daAuts
  Lair:1: 1858 daAuts
 Snake:1: 1795 daAuts
 Swamp:1: 1554 daAuts
